 Dungeon Crawl Stone Soup version 0.30-a0-305-g026cb31310 (webtiles) character file.

Game seed: 5200055399484065951

632 garrulousMonolith the Slasher (level 7, -26/56 HPs)
             Began as a Gnoll Reaver on Oct 22, 2022.
             Was a Follower of Cheibriados.
             Killed by an exploding jelly (33 damage)
             ... ignited by their inner flame
             ... on level 5 of the Dungeon.
             The game lasted 00:05:47 (3614 turns).

garrulousMonolith the Slasher (Gnoll Reaver)        Turns: 3614, Time: 00:05:48

Health: -26/56     AC:  4    Str: 14    XL:     7   Next: 49%
Magic:  15/15      EV: 17    Int: 16    God:    Cheibriados [*.....]
Gold:   154        SH:  4    Dex: 12    Spells: 7/17 levels left

rFire   . . .      SeeInvis +    h - +3 falchion (vorpal)
rCold   + . .      Faith    .    v - +0 buckler
rNeg    . . .      Spirit   .    u - +0 leather armour {rC+}
rPois   .          Reflect  .    (no helmet)
rElec   .          Harm     .    y - +0 cloak
rCorr   .          Rampage  .    (no gloves)
Will    .....                    (no boots)
Stlth   ++........               (no amulet)
HPRegen 0.29/turn                n - ring of see invisible
MPRegen 0.14/turn                o - +4 ring of evasion

@: mighty, very slow
A: fangs 1, strong nose, distributed training
a: Renounce Religion, Bend Time


You were on level 5 of the Dungeon.
You worshipped Cheibriados.
Cheibriados was aware of your devotion.
You visited 1 branch of the dungeon, and saw 5 of its levels.

You collected 154 gold pieces.

Inventory:

Hand Weapons
 a - a +0 falchion
 h - a +3 vorpal falchion (weapon)
 m - a +0 sling
 z - a +1 hammer of protection
Armour
 b - a +0 leather armour
 j - a +2 plate armour of fire resistance
 u - a +0 leather armour of cold resistance (worn)
 v - a +0 buckler (worn)
 y - a +0 cloak (worn)
 A - an orb of light
Jewellery
 n - a ring of see invisible (left hand)
 o - a +4 ring of evasion (right hand)
Scrolls
 d - a scroll of immolation
 e - a scroll of enchant weapon
 k - a scroll of teleportation {unknown}
 p - a scroll of brand weapon {unknown}
 q - a scroll of torment
 s - a scroll of poison
 B - a scroll of blinking {unknown}
Potions
 c - a potion of might
 f - a potion of lignification {unknown}
 g - a potion of curing
 i - a potion of mutation {unknown}
 l - 3 potions of brilliance {unknown}
 r - 4 potions of attraction
 t - 2 potions of resistance {unknown}
 w - 2 potions of berserk rage {unknown}
 x - a potion of magic {unknown}


   Skills:
 + Level 5.3 Fighting
 + Level 2.6 Short Blades
 + Level 7.1 Long Blades
 + Level 2.6 Axes
 + Level 2.6 Maces & Flails
 + Level 2.6 Polearms
 + Level 2.6 Staves
 + Level 2.6 Ranged Weapons
 + Level 2.6 Throwing
 + Level 2.6 Armour
 + Level 5.3 Dodging
 + Level 2.6 Stealth
 + Level 2.6 Shields
 + Level 2.6 Unarmed Combat
 + Level 5.7 Spellcasting
 + Level 5.9 Conjurations
 + Level 2.1 Hexes
 + Level 2.1 Summonings
 + Level 2.1 Necromancy
 + Level 2.1 Translocations
 + Level 2.1 Transmutations
 + Level 2.1 Fire Magic
 + Level 2.1 Ice Magic
 + Level 2.1 Air Magic
 + Level 2.1 Earth Magic
 + Level 2.1 Poison Magic
 + Level 2.9 Invocations
 + Level 2.6 Evocations


You had 7 spell levels left.
You knew the following spells:

 Your Spells              Type           Power      Damage    Failure   Level
a - Kiss of Death         Conj/Necr      68%        2d10      4%          1
b - Momentum Strike       Conj/Tloc      34%        3d8       7%          2
c - Hailstorm             Conj/Ice       17%        3d6       14%         3
d - Mephitic Cloud        Conj/Pois/Air  15%        N/A       19%         3
e - Magic Dart            Conj           92%        1d7       1%          1

Your spell library contained the following spells:

 Spells                   Type           Power      Damage    Failure   Level
 Searing Ray              Conj           46%        2d6       3%          2
 Cigotuvi's Dreadful Rot  Necr/Pois/Air  22%        N/A       16%         2
 Poisonous Vapours        Pois/Air       22%        N/A       16%         2
 Gell's Gravitas          Tloc           11%        N/A       30%         3
 Lesser Beckoning         Tloc           22%        N/A       30%         3
 Teleport Other           Tloc           11%        N/A       30%         3
 Fulminant Prism          Conj/Hex       8%         3d7       41%         4


Dungeon Overview and Level Annotations

Branches:
Dungeon (5/15)
 Temple: D:4-7

Altars:
Cheibriados
Uskayaw
Yredelemnul

Shops:
D:1 (


Innate Abilities, Weirdness & Mutations

You have very sharp teeth.
Your uncanny sense of smell can sniff out nearby items.
Your experience applies equally to all skills.


Message History

The iguana is heavily wounded.
You block the iguana's attack.
You barely miss the iguana. You bite the iguana, but do no damage.
The iguana is heavily wounded.
The iguana bites you but does no damage.
Okay, then.
You feel very mighty all of a sudden. The iguana barely misses you.
You slash the iguana!
You kill the iguana!
Cheibriados appreciates the change of pace.
The jelly closely misses you. You block the orc wizard's attack.
Items here: )) [ †.
You barely miss the jelly. The jelly closely misses you.
The orc wizard completely misses you.
You completely miss the orc wizard. Your bite misses the orc wizard.
You block the jelly's attack.
The orc wizard hits you with a +0 dagger.
* * * LOW HITPOINT WARNING * * *
As you read the scroll labelled HIFOH BUONE, it crumbles to dust.
The creatures around you are filled with an inner flame!
It was a scroll of immolation.
You block the jelly's attack. The orc wizard barely misses you.
As you read the scroll labelled DOEMOU AME PATT, it crumbles to dust.
It is a scroll of enchant weapon.
Your +2 vorpal falchion glows red for a moment.
You block the jelly's attack.
The orc wizard hits you but does no damage.
As you read the scroll labelled ANLO GIOSELY, it crumbles to dust.
Your body is wracked with pain!
* * * LOW HITPOINT WARNING * * *
The jelly convulses!
Flame seeps out of the jelly.
The orc wizard convulses!
Flame seeps out of the orc wizard.
It was a scroll of torment.
The jelly is engulfed in blazing flames.
Cheibriados appreciates the change of pace.
The jelly explodes!
The fiery explosion engulfs you!!
Ouch! That really hurt!
You die...

..........# ...
#........###.#
#.°○.§°.☼☼..##
#○§☼§°°§§....# #
##°○°○°○§.....#
##.#..☼☼§.☼...#..#
...>.§☼○☼§##.)# ... #
#.##..°○o.###)... . ##.
# ####@#.# ##....
...### #####○### ..##
#....## ##...°°## ..# #
#....###...☼☼☼☼# ..# #
##...##...○.§○..# .#
####....#...☼☼§○§☼°.#
.....##....○°.☼°.○°...
.......†..☼..☼☼☼§##○...
.......#.........#
#.....


You could see an orc wizard (inner flame).

Vanquished Creatures
  2 scorpions (D:5)
  3 orc priests
  A gnoll bouda (D:5)
  A jelly (D:5)
  Crazy Yiuf (D:4)
  2 iguanas
  4 orc wizards
  10 adders
  3 gnolls (D:5)
  An ufetubus (D:2)
  2 worms
  5 dart slugs
  9 orcs
  3 endoplasms
  2 giant cockroaches
  7 goblins
  10 hobgoblins
  5 quokkas
  9 ball pythons
  7 bats
  3 frilled lizards
  7 kobolds
  6 rats
103 creatures vanquished.

Vanquished Creatures (others)
  3 fungi
  6 plants (D:3)
9 creatures vanquished.

Grand Total: 112 creatures vanquished

Notes
Turn   | Place    | Note
-------+----------+-------------------------------------------
     0 | D:1      | garrulousMonolith the Gnoll Reaver began the quest for the
                  | Orb.
     0 | D:1      | Reached XP level 1. HP: 20/20 MP: 6/6
     4 | D:1      | Found Faptibro's Antique Weapon Shoppe.
    84 | D:1      | Reached XP level 2. HP: 25/26 MP: 7/7
   319 | D:1      | Reached skill level 5 in Spellcasting
   319 | D:1      | Reached XP level 3. HP: 29/30 MP: 7/9
   322 | D:1      | Learned a level 2 spell: Momentum Strike
   524 | D:2      | Reached skill level 1 in Invocations
   627 | D:2      | Reached skill level 1 in Short Blades
   627 | D:2      | Reached skill level 1 in Axes
   627 | D:2      | Reached skill level 1 in Maces & Flails
   627 | D:2      | Reached skill level 1 in Polearms
   627 | D:2      | Reached skill level 1 in Staves
   627 | D:2      | Reached skill level 1 in Ranged Weapons
   627 | D:2      | Reached skill level 1 in Throwing
   627 | D:2      | Reached skill level 1 in Armour
   627 | D:2      | Reached skill level 1 in Stealth
   627 | D:2      | Reached skill level 1 in Shields
   627 | D:2      | Reached skill level 1 in Unarmed Combat
   627 | D:2      | Reached skill level 1 in Evocations
   931 | D:2      | Reached XP level 4. HP: 34/38 MP: 11/11
   959 | D:2      | Found a basalt altar of Yredelemnul.
  1130 | D:2      | Learned a level 3 spell: Hailstorm
  1184 | D:3      | Reached skill level 1 in Hexes
  1184 | D:3      | Reached skill level 1 in Summonings
  1184 | D:3      | Reached skill level 1 in Necromancy
  1184 | D:3      | Reached skill level 1 in Translocations
  1184 | D:3      | Reached skill level 1 in Transmutations
  1184 | D:3      | Reached skill level 1 in Fire Magic
  1184 | D:3      | Reached skill level 1 in Ice Magic
  1184 | D:3      | Reached skill level 1 in Air Magic
  1184 | D:3      | Reached skill level 1 in Earth Magic
  1184 | D:3      | Reached skill level 1 in Poison Magic
  1263 | D:3      | Found a faded altar of an unknown god.
  1433 | D:3      | Reached XP level 5. HP: 11/43 MP: 12/12
  1856 | D:3      | Found a hide-covered altar of Uskayaw.
  2403 | D:4      | Found a snail-covered altar of Cheibriados.
  2407 | D:4      | Became a worshipper of Cheibriados the Contemplative
  2491 | D:4      | Reached XP level 6. HP: 48/50 MP: 14/14
  2497 | D:4      | Reached skill level 5 in Fighting
  2497 | D:4      | Reached skill level 5 in Dodging
  2879 | D:4      | Learned a level 3 spell: Mephitic Cloud
  3004 | D:4      | Found a runed translucent door.
  3005 | D:4      | Noticed Crazy Yiuf
  3012 | D:4      | Killed Crazy Yiuf
  3049 | D:5      | Entered Level 5 of the Dungeon
  3294 | D:5      | Reached XP level 7. HP: 39/56 MP: 8/15
  3297 | D:5      | Reached skill level 7 in Long Blades
  3386 | D:5      | Learned a level 1 spell: Magic Dart
  3407 | D:5      | Reached * piety under Cheibriados
  3614 | D:5      | Killed by an exploding jelly... ignited by their inner
                  | flame

Illustrated notes

Levels and vault maps discovered:
D:1:      roderic_chinese_lattice_arrival, layout_rooms, serial_shops,
          shop_statue
D:2:      minmay_skewed_foursquare, layout_rooms, basic_altar,
          hangedman_decor_points
D:3:      layout_basic, nicolae_uskayaw_murder_on_the_dancefloor,
          shapermc_ecumenical_altar_mp_ritualfount
D:4:      layout_basic, marbit_many_paths, minmay_misc_feat_five,
          uniq_crazy_yiuf_cottage
D:5:      layout_cave_pools

Skill      XL: |  1  2  3  4  5  6  7 |
---------------+----------------------+-----
Spellcasting   | 5 |  5.7
Invocations    | 1 2 |  2.9
Short Blades   | 1 2 |  2.6
Axes           | 1 2 |  2.6
Maces & Flails | 1 2 |  2.6
Polearms       | 1 2 |  2.6
Staves         | 1 2 |  2.6
Ranged Weapons | 1 2 |  2.6
Throwing       | 1 2 |  2.6
Armour         | 1 2 |  2.6
Stealth        | 1 2 |  2.6
Shields        | 1 2 |  2.6
Unarmed Combat | 1 2 |  2.6
Evocations     | 1 2 |  2.6
Hexes          | 1 2 |  2.1
Summonings     | 1 2 |  2.1
Necromancy     | 1 2 |  2.1
Translocations | 1 2 |  2.1
Transmutations | 1 2 |  2.1
Fire Magic     | 1 2 |  2.1
Ice Magic      | 1 2 |  2.1
Air Magic      | 1 2 |  2.1
Earth Magic    | 1 2 |  2.1
Poison Magic   | 1 2 |  2.1
Fighting       | 5 |  5.3
Dodging        | 5 |  5.3
Long Blades    | 7 |  7.1
Conjurations   | |  5.9

Action                   |  1- 3 |  4- 6 |  7- 9 || total
-------------------------+-------+-------+-------++-------
Melee: Falchion          |   128 |   186 |    59 ||   373
       Bite              |    11 |    14 |     7 ||    32
       Punch             |     1 |     1 |       ||     2
 Cast: Kiss of Death     |     1 |       |       ||     1
       Mephitic Cloud    |       |     1 |     1 ||     2
       Hailstorm         |       |     1 |       ||     1
       Magic Dart        |       |       |     6 ||     6
  Use: Scroll            |       |     4 |     4 ||     8
       Potion            |       |     5 |     2 ||     7
 Stab: Sleeping          |       |     1 |       ||     1
Armor: Leather armour    |    30 |     2 |     6 ||    38
       Plate armour      |    35 |    89 |       ||   124
Dodge: Dodged            |    65 |    60 |    52 ||   177
Block: Buckler           |       |     8 |    18 ||    26

Table legend: (Time is in decaauts)
 A = Elapsed time spent in this place.
 B = Non-inter-level travel time spent in this place.
 C = Inter-level travel time spent in this place.
 D = Time resting spent in this place.
 E = Time spent auto-exploring this place.
 F = Levels seen in this place.
 G = Mean time per level.
                   A        B        C        D        E       F      G
               +--------+--------+--------+--------+--------+-----+--------+
         Total |   3762 |   3649 |    113 |    583 |   2212 |   5 |  752.4 |
       Dungeon |   3762 |   3649 |    113 |    583 |   2212 |   5 |  752.4 |
               +--------+--------+--------+--------+--------+-----+--------+

Top non-repeatable levels by time:
     D:4: 1147 daAuts
     D:3: 853 daAuts
     D:2: 675 daAuts
     D:5: 594 daAuts
     D:1: 491 daAuts
